 Dungeon Crawl Stone Soup version 0.24.0 (webtiles) character file.

Game seed: 9641748777011945072, levelgen mode: deterministic

6613 Buxparty the Covert (level 10, -3/44 HPs)
             Began as a Spriggan Enchanter on Jan 26, 2020.
             Was a Priest of Dithmenos.
             Slain by a blink frog (15 damage)
             ... on level 1 of the Lair of Beasts.
             The game lasted 00:36:26 (9766 turns).

Buxparty the Covert (Spriggan Enchanter)            Turns: 9766, Time: 00:36:26

Health: -3/44      AC:  3    Str:  7    XL:     10   Next: 72%
Magic:  19/23      EV: 26    Int: 21    God:    Dithmenos [***...]
Gold:   448        SH:  0    Dex: 16    Spells: 20/26 levels left

rFire    + + .     SeeInvis +   a - +10 dagger "Girchio" {elec, rF+ MR+ Str+3}
rCold    . . .     Gourm    .   (shield restricted)
rNeg     . . .     Faith    .   j - +1 robe {rF+}
rPois    .         Spirit   .   (helmet restricted)
rElec    .         Reflect  .   (no cloak)
rCorr    .         Harm     .   (gloves unavailable)
MR       ++...                  (boots unavailable)
Stlth    +++++++...             (no amulet)
HPRegen  0.14/turn              c - ring of wizardry
MPRegen  0.18/turn              G - ring of wizardry

@: wreathed by umbra, very quick
A: very small, unfitting armour, see invisible, herbivore, speed 3, slow
metabolism 2
a: Shadow Step, Renounce Religion


You were on level 1 of the Lair of Beasts.
You worshipped Dithmenos.
Dithmenos was most pleased with you.
You were not hungry.

You visited 3 branches of the dungeon, and saw 11 of its levels.
You also visited: Ossuary.

You collected 667 gold pieces.
You spent 219 gold pieces at shops.

Inventory:

Hand Weapons
 a - the +10 dagger "Girchio" (weapon) {elec, rF+ MR+ Str+3}
   (You bought it in a shop on level 5 of the Dungeon)

   Occasionally, upon striking a foe, it will discharge some electrical energy
   and cause terrible harm.
   It affects your strength (+3).
   It protects you from fire.
   It affects your resistance to hostile enchantments.
Missiles
 b - 17 poisoned darts (quivered)
 q - 10 atropa-tipped darts
Armour
 j - a +1 robe of fire resistance (worn)
Jewellery
 c - a ring of wizardry (left hand)
 G - a ring of wizardry (right hand)
Wands
 p - a wand of digging (8)
 E - a wand of random effects (12)
 F - a wand of disintegration (4)
 H - a wand of iceblast (8)
 I - a wand of polymorph (8)
Scrolls
 e - 4 scrolls of remove curse {unknown}
 f - 3 scrolls of amnesia {unknown}
 h - 11 scrolls of identify {unknown}
 i - a scroll of blinking {unknown}
 k - 2 scrolls of immolation {unknown}
 l - 2 scrolls of fear {unknown}
 m - a scroll of enchant weapon {unknown}
 n - a scroll of magic mapping {unknown}
 o - 4 scrolls of teleportation {unknown}
 u - a scroll of fog {unknown}
 y - a scroll of acquirement {unknown}
 z - 2 scrolls of brand weapon {unknown}
 B - a scroll of random uselessness {unknown}
 C - a scroll of summoning {unknown}
Potions
 g - 9 potions of curing {unknown}
 r - 2 potions of lignification {unknown}
 s - a potion of cancellation {unknown}
 t - 2 potions of haste {unknown}
 v - 3 potions of flight {unknown}
 w - 3 potions of agility {unknown}
 x - a potion of heal wounds
 A - a potion of ambrosia {unknown}
 D - 4 potions of brilliance {unknown}
Comestibles
 d - 7 rations


   Skills:
 + Level 7.6 Short Blades
 + Level 10.4 Dodging
 + Level 11.4 Stealth
 + Level 8.8 Spellcasting
 + Level 9.1 Hexes
 + Level 6.6 Evocations


You had 20 spell levels left.
You knew the following spells:

 Your Spells              Type           Power        Failure   Level  Hunger
a - Corona                Hex            #####..      1%          1    None
b - Ensorcelled Hibernat  Hex/Ice        ####..       1%          2    None
c - Confuse               Hex            #####...     1%          3    None

Your spell library contained the following spells:

 Spells                   Type           Power        Failure   Level  Hunger
 Confusing Touch          Hex            #####.       1%          1    None
 Dazzling Spray           Conj/Hex       ####..       1%          3    None
 Tukima's Dance           Hex            #####...     1%          3    None
 Animate Skeleton         Necr           N/A          2%          1    None
 Apportation              Tloc           #.....       2%          1    None
 Summon Small Mammal      Summ           #...         2%          1    None


Dungeon Overview and Level Annotations

Branches:
Dungeon (9/15)             Temple (1/1) D:4            Lair (1/6) D:8
Ossuary (visited)
    Orc: D:9-12

Altars:
Ashenzari
Cheibriados
Dithmenos
Elyvilon
Fedhas
Gozag
Hepliaklqana
Kikubaaqudgha
Makhleb
Nemelex Xobeh
Okawaru
Qazlal
Ru
Sif Muna
Trog
Uskayaw
Vehumet
Wu Jian
Xom
Yredelemnul
Zin
The Shining One

Shops:
D:5 (   D:6 !=!}:

Annotations:
D:6 2 transporters, malesh's ghost, novice GrGl
D:7 3 runed translucent doors, SLaR's ghost, novice OgFi


Innate Abilities, Weirdness & Mutations

You are very small and have problems with some larger weapons.
You are too small for most types of armour.
You have supernaturally acute eyesight. (SInv)
You are a herbivore.
You cover ground extremely quickly.
You need to consume almost no food.


Message History

Press: ? - help, Shift-Dir - straight line, f - blink frog
Aim: a blink frog (umbra, chance to defeat MR: 39%)
The blink frog easily resists.
The blink frog hits you!
Casting: Ensorcelled Hibernation (safe; 1% risk of failure)
Confirm with . or Enter, or press ? or * to list all spells.
Aiming: Ensorcelled Hibernation (safe; 1% risk of failure)
Press: ? - help, Shift-Dir - straight line, f/p - blink frog
Aim: a blink frog (umbra, chance to defeat MR: 39%)
The blink frog easily resists.
The blink frog hits you!
Casting: Ensorcelled Hibernation (safe; 1% risk of failure)
Confirm with . or Enter, or press ? or * to list all spells.
Aiming: Ensorcelled Hibernation (safe; 1% risk of failure)
Press: ? - help, Shift-Dir - straight line, f/p - blink frog
Aim: a blink frog (umbra, chance to defeat MR: 39%)
The blink frog easily resists.
The blink frog hits you!
* * * LOW HITPOINT WARNING * * *
The blink frog blinks!
The blink frog blinks!
The blink frog hits you!
You die...

##.# #.P #P.# #.. ##.# #.# #.#
..# #.## #.# ##..# ##.# ######
# ### #...####..###.##.###P###
###.###..#.##.#...............
#...............@........#####
##.######..##.#F.........##
### #.#####......<...P# #..#
#...........# ###.##
#...........#
#P####P#.#####..........##
..........................
##.###..........##.#######P
#........#####.# #


You could see a blink frog.

Vanquished Creatures
  A two-headed ogre (D:8)
  Joseph (D:7)
  A rime drake (Lair:1)
  Grinder (D:5)
  A hippogriff (D:7)
  Sigmund (D:5)
  3 yaks (D:9)
  A spriggan (D:8)
  A wyvern (D:9)
  A wraith (Ossuary)
  Grum (D:9)
  2 hungry ghosts (D:9)
  A sky beast (D:7)
  4 ice beasts
  2 black bears
  A phantom (D:7)
  4 wolves
  An ogre (D:6)
  2 centaurs
  A crocodile (Lair:1)
  6 big kobolds
  3 bullfrogs
  A water moccasin zombie (D:8)
  A water moccasin skeleton (D:7)
  A scorpion (D:4)
  5 killer bees
  2 crimson imps
  A quasit (D:5)
  A bullfrog zombie (D:7)
  2 hounds
  A jelly (D:9)
  A centaur zombie (D:6)
  4 orc priests (D:5)
  Crazy Yiuf (D:7)
  4 orc wizards
  A bullfrog skeleton (D:9)
  Jessica (D:2)
  5 iguanas
  7 worker ants
  A mummy (Ossuary)
  A howler monkey zombie (D:6)
  5 gnolls
  A howler monkey skeleton (D:4)
  7 adders
  4 shadow imps
  An ooze (D:2)
  An adder skeleton (D:5)
  3 worms
  28 orcs
  7 bats
  6 giant cockroaches
  9 goblins
  9 hobgoblins
  2 jackals (D:1)
  6 quokkas
  2 ball pythons
  5 frilled lizards
  6 gnoll skeletons (Ossuary)
  41 kobolds
  4 kobold skeletons (Ossuary)
  A leopard gecko skeleton (D:4)
  14 orc skeletons (Ossuary)
  A quokka zombie (D:5)
  6 rats
250 creatures vanquished.

Vanquished Creatures (others)
  An orc wizard (D:5)
  3 fungi (D:7)
4 creatures vanquished.

Grand Total: 254 creatures vanquished

Notes
Turn   | Place    | Note
-------+----------+-------------------------------------------
     0 | D:1      | Buxparty the Spriggan Enchanter began the quest for the
                  | Orb.
     0 | D:1      | Reached XP level 1. HP: 9/9 MP: 5/5
   277 | D:1      | Reached XP level 2. HP: 13/13 MP: 6/6
   290 | D:1      | Learned a level 2 spell: Ensorcelled Hibernation
   932 | D:2      | Reached XP level 3. HP: 15/16 MP: 3/8
   998 | D:2      | Reached skill level 5 in Stealth
  1113 | D:2      | Noticed Jessica
  1311 | D:2      | Killed Jessica
  1311 | D:2      | Reached XP level 4. HP: 21/21 MP: 5/10
  2390 | D:3      | Reached XP level 5. HP: 23/24 MP: 0/11
  2935 | D:4      | Learned a level 3 spell: Confuse
  3274 | D:4      | Reached skill level 5 in Dodging
  3274 | D:4      | Reached skill level 6 in Stealth
  3274 | D:4      | Reached XP level 6. HP: 28/28 MP: 13/13
  3350 | D:4      | Found a staircase to the Ecumenical Temple.
  3359 | Temple   | Entered the Ecumenical Temple
  3381 | Temple   | Became a worshipper of Dithmenos the Shadowed
  3610 | D:5      | Entered Level 5 of the Dungeon
  4223 | D:5      | Reached skill level 5 in Hexes
  4584 | D:5      | Found a hide-covered altar of Uskayaw.
  4585 | D:5      | Found a basalt altar of Yredelemnul.
  4585 | D:5      | Found a white marble altar of Elyvilon.
  4627 | D:5      | Found Dunluap's Antique Weapon Boutique.
  4630 | D:5      | Bought an encrusted dagger for 154 gold pieces
  4630 | D:5      | Identified the +10 dagger "Girchio" {elec, rF+ MR+ Str+3}
                  | (You bought it in a shop on level 5 of the Dungeon)
  4689 | D:5      | Found a blossoming altar of Fedhas.
  4696 | D:5      | Reached * piety under Dithmenos
  4751 | D:5      | Reached XP level 7. HP: 29/32 MP: 15/15
  4847 | D:5      | Noticed Sigmund
  4850 | D:5      | Killed Sigmund
  4850 | D:5      | Reached skill level 7 in Stealth
  4850 | D:5      | Reached skill level 5 in Spellcasting
  5119 | D:5      | Noticed Grinder
  5125 | D:5      | Killed Grinder
  5196 | D:5      | Reached XP level 8. HP: 36/36 MP: 12/17
  5334 | D:5      | Reached ** piety under Dithmenos
  5334 | D:5      | Reached skill level 8 in Stealth
  5419 | D:5      | Reached skill level 5 in Short Blades
  5852 | D:6      | Reached skill level 1 in Evocations
  6039 | D:6      | Found Ziecoxir's Distillery.
  6051 | D:6      | Found Zezadd's Jewellery Shoppe.
  6093 | D:6      | Found a transporter.
  6097 | D:6      | Found a transporter.
  6100 | D:6      | Noticed malesh's ghost (novice GrGl)
  6145 | D:6      | Found Heapempe's Book Emporium.
  6195 | D:6      | Found Vidamalo's Distillery.
  6203 | D:6      | Bought a potion of heal wounds for 65 gold pieces
  6206 | D:6      | Found a sacrificial altar of Ru.
  6233 | D:6      | Found Funisch's Gadget Emporium.
  6299 | D:6      | Reached *** piety under Dithmenos
  6573 | D:7      | Reached skill level 9 in Stealth
  6708 | D:7      | Reached XP level 9. HP: 39/39 MP: 20/20
  6729 | D:7      | Found a sand-covered staircase.
  6739 | Ossuary  | Entered an ossuary
  7286 | D:7      | Noticed Joseph
  7450 | D:7      | Found a runed translucent door.
  7451 | D:7      | Noticed Crazy Yiuf
  7457 | D:7      | Killed Crazy Yiuf
  7506 | D:7      | Killed Joseph
  7543 | D:7      | Reached skill level 10 in Stealth
  7719 | D:7      | Found a runed translucent gate.
  7719 | D:7      | Found a runed translucent gate.
  7719 | D:7      | Found a runed translucent gate.
  7720 | D:7      | Identified the +5 whip of Distant Worlds {chaos, rElec
                  | MR+++ MP-9 Int+3}
  7722 | D:7      | Noticed SLaR's ghost (novice OgFi)
  7875 | D:8      | Reached **** piety under Dithmenos
  7894 | D:8      | Noticed a two-headed ogre
  7901 | D:8      | Killed a two-headed ogre
  7901 | D:8      | Reached skill level 5 in Evocations
  7901 | D:8      | Reached XP level 10. HP: 44/44 MP: 19/22
  7936 | D:8      | Found a staircase to the Lair.
  8643 | D:9      | Noticed Grum
  8941 | D:9      | Reached skill level 10 in Dodging
  8941 | D:9      | Reached skill level 11 in Stealth
  8965 | D:9      | Killed Grum
  9665 | Lair:1   | Entered Level 1 of the Lair of Beasts
  9727 | Lair:1   | Noticed a spiny frog
  9766 | Lair:1   | Slain by a blink frog

Levels and vault maps discovered:
D:1:      sevenhm_arrival_forest_fort_small_4, layout_basic
D:2:      layout_rooms, hangedman_decor_lopped, eino_curves_02,
          chequers_hall_statues_y, small_statue_intersection, uniq_jessica
D:3:      layout_rooms
D:4:      minmay_inner_zag, layout_basic, minmay_temple_entry_statues_pillars,
          first_ration
D:5:      minmay_goblin_kobold_castle, layout_basic, fedhas_altar_fruit_tree,
          grunt_temple_overflow_open, serial_shops, kennysheep_mini,
          uniq_grinder, uniq_sigmund
D:6:      layout_gridville, serial_shops, shop_statue, shop_coins, shop, shop,
          shop, basic_altar, gammafunk_ghost_stat_death
D:7:      layout_basic, nicolae_ossuary_entry_monument,
          gammafunk_ghost_nasty_kobolds, uniq_crazy_yiuf_cottage, uniq_joseph
D:8:      layout_basic, lair_entry_dummy, serial_curves, eino_curves_01,
          eino_curves_02, eino_curves_03, grunt_pizzeria
D:9:      layout_rooms, uniq_grum
Temple:   compressed_dpeg_circular_temple
Lair:1:   layout_small_grid, grunt_megastairs_3, uniq_gastronok
